 Dungeon Crawl Stone Soup version 0.20.1-1-g8b1a95d (webtiles) character file.

86 LarsimusPrime the Skirmisher (level 4, -8/40 HPs)
             Began as a Hill Orc Fighter on July 30, 2017.
             Killed by nerve-wracking pain
             ... invoked by Grinder
              (12 damage)
             ... on level 3 of the Dungeon.
             The game lasted 00:15:06 (3854 turns).

LarsimusPrime the Skirmisher (Hill Orc Fighter)     Turns: 3854, Time: 00:15:07

Health: -8/40      AC:  9    Str: 19    XL:     4   Next: 50%
Magic:  4/4        EV:  7    Int:  8    God:
Gold:   194        SH:  9    Dex: 10    Spells: 3/3 levels left

rFire    . . .     SeeInvis .   r - +1 hand axe (freeze)
rCold    . . .     Gourm    .   c - +0 shield
rNeg     . . .     Faith    .   b - +0 scale mail
rPois    .         Spirit   .   (no helmet)
rElec    .         Reflect  .   (no cloak)
rCorr    .         Harm     .   (no gloves)
MR       .....                  h - +1 pair of boots
Stlth    ..........             (no amulet)
Regen    0.2/turn               q - +3 ring of slaying
MPRegen  0.1/turn               (no ring)

@: no status effects
A: no striking features
a: no special abilities


You were on level 3 of the Dungeon.
You were very hungry.

You visited 1 branch of the dungeon, and saw 3 of its levels.

You collected 194 gold pieces.

Inventory:

Hand Weapons
 a - a +0 flail
 r - a +1 hand axe of freezing (weapon)
 v - a +0 dagger (quivered)
 x - a +0 dagger
Missiles
 s - 22 stones
Armour
 b - a +0 scale mail (worn)
 c - a +0 shield (worn)
 h - a +1 pair of boots (worn)
Jewellery
 q - a +3 ring of slaying (left hand)
Wands
 y - a wand of disintegration (15/24)
Scrolls
 e - a scroll of enchant weapon {unknown}
 i - a scroll of remove curse {unknown}
 j - 2 scrolls of teleportation {unknown}
 k - a scroll of amnesia {unknown}
 l - 7 scrolls of identify {unknown}
 m - 2 scrolls of magic mapping {unknown}
 p - a scroll of fear {unknown}
Potions
 d - a potion of might
 o - a potion of curing {unknown}
 t - a potion of resistance {unknown}
 u - a potion of brilliance {unknown}
 A - a potion of ambrosia {unknown}
Comestibles
 f - 3 bread rations
 g - a meat ration


   Skills:
 + Level 3.9 Fighting
 * Level 2.7(3.4) Axes
 - Level 2.3(2.8) Maces & Flails
 * Level 1.4 Throwing
 + Level 3.4 Armour
 * Level 1.0 Dodging
 + Level 0.1 Stealth
 + Level 3.6 Shields


You had 3 spell levels left.
You didn't know any spells.

Dungeon Overview and Level Annotations

Branches:
Dungeon (3/15)

Altars:
Kikubaaqudgha
Sif Muna
Zin

Annotations:
D:3 Grinder


Message History

Press: ? - help, Shift-Dir - straight line, f - Grinder
Aim: Grinder (moderately wounded)
You toss away a dagger.
The dagger hits Grinder but does no damage.
Grinder is moderately wounded.
Grinder gestures at you. Pain shoots through your body!
* * * LOW HITPOINT WARNING * * *
Tossing away (i - inventory. (,) - cycle):
n - a dagger (quivered)
Press: ? - help, Shift-Dir - straight line, f/p - Grinder
Aim: Grinder (moderately wounded)
You toss away a dagger.
The dagger hits Grinder but does no damage.
Grinder is moderately wounded.
Grinder gestures at you. Pain shoots through your body!
* * * LOW HITPOINT WARNING * * *
Grinder gestures at you. Pain shoots through your body!
You die...

##.##### #.# #.#..###.###.#.# #.#
#.###.#..# #.......#
#.##########........# #####.###
##.##............#...# ##'##
.........###.##.###)## ##...##
#####.##.# #.###.#5## ##.....##
#........# #.# #...## ##.......#
#.#...######.###....####.........
................@......'.........
#.#...######.###....####.........
#.##.........# #.#.## ##.......#
#.############ #.### ##.....##
#.# #.# ##...## #.# #.# ##+## #.#
#.# #.# #.# #.# #.# ..# #.# ##.##


You could see Grinder.

Vanquished Creatures
  3 adders (D:2)
  3 worms (D:2)
  2 leopard geckos
  2 giant cockroaches
  5 hobgoblins
  6 jackals
  8 kobolds
  2 quokkas (D:2)
  4 bats
  4 frilled lizards
  3 goblins
  10 rats
  A plant (D:2)
53 creatures vanquished.

Notes
Turn   | Place    | Note
-------+----------+-------------------------------------------
     0 | D:1      | LarsimusPrime the Hill Orc Fighter began the quest for the Orb.
     0 | D:1      | Reached XP level 1. HP: 19/19 MP: 1/1
   355 | D:1      | Reached XP level 2. HP: 18/27 MP: 2/2
   772 | D:2      | Reached skill level 1 in Throwing
   975 | D:2      | Reached XP level 3. HP: 33/33 MP: 3/3
  1169 | D:2      | Reached skill level 1 in Axes
  1372 | D:2      | Found a deep blue altar of Sif Muna.
  1373 | D:2      | Found an ancient bone altar of Kikubaaqudgha.
  1375 | D:2      | Found a glowing silver altar of Zin.
  1553 | D:2      | Reached skill level 1 in Dodging
  1840 | D:2      | Reached XP level 4. HP: 40/40 MP: 4/4
  3270 | D:3      | Noticed Grinder
  3290 | D:3      | Paralysed by Grinder for 3 turns
  3854 | D:3      | Killed from afar by Grinder

Skill      XL: |  1  2  3 |
---------------+----------+-----
Throwing       | 1 |  1.4
Axes           | 2 |  2.7
Dodging        | 1 |  1.0
Fighting       | |  3.9
Maces & Flails | |  2.3
Armour         | |  3.4
Stealth        | |  0.1
Shields        | |  3.6

Action                   |  1- 3 |  4- 6 || total
-------------------------+-------+-------++-------
Melee: Flail             |    40 |       ||    40
       Hand axe          |    63 |    51 ||   114
Throw: Stone             |    18 |     1 ||    19
  Use: Potion            |       |     1 ||     1
  Eat: Chunk             |     3 |     5 ||     8
Armor: Scale mail        |    30 |    15 ||    45
Dodge: Dodged            |    29 |    14 ||    43
Block: Shield            |    46 |    12 ||    58
